 Dungeon Crawl Stone Soup version 0.29.0-4-gdea44cf6ec (webtiles) character file.

Game seed: 2460300025040818028

398 Lutefisk the Digger (level 6, -10/56 HPs)
             Began as a Ghoul Earth Elementalist on Aug 26, 2022.
             Killed from afar by Dowan (17 damage)
             ... with a shard of ice
             ... on level 4 of the Dungeon.
             The game lasted 00:19:35 (2391 turns).

Lutefisk the Digger (Ghoul Earth Elementalist)      Turns: 2391, Time: 00:19:38

Health: -10/56     AC:  4    Str: 12    XL:     6   Next: 83%
Magic:  4/8        EV: 12    Int: 10    God:
Gold:   193        SH:  0    Dex: 11    Spells: 3/9 levels left

rFire   . . .      SeeInvis .   q - +0 whip (venom)
rCold   + . .      Faith    .   (no shield)
rNeg    + + +      Spirit   .   a - +0 robe
rPois   ∞          Reflect  .   c - +0 helmet
rElec   .          Harm     .   (no cloak)
rCorr   .          Rampage  .   (no gloves)
Will    .....                   k - +0 pair of boots
Stlth   ++........              (no amulet)
HPRegen 0.00/turn               (no ring)
MPRegen 0.11/turn               (no ring)

@: inhibited regen
A: claws 1, cold resistance 1, negative energy resistance 3, inhibited
regeneration, torment resistance 2, devour on kill
a: no special abilities


You were on level 4 of the Dungeon.
You visited 1 branch of the dungeon, and saw 5 of its levels.

You collected 193 gold pieces.

Inventory:

Hand Weapons
 e - a +0 spear
 j - a +1 dagger of speed
 q - a +0 whip of venom (weapon)
Missiles
 i - 12 poisoned darts (quivered)
 l - 30 stones
Armour
 a - a +0 robe (worn)
 c - a +0 helmet (worn)
 k - a +0 pair of boots (worn)
 v - the +5 scale mail "Ezi Zav" {rN++ Str-5 Int+3 Dex+8}
   (You found it on level 4 of the Dungeon)

   Str:       It affects your strength (-5).
   Int:       It affects your intelligence (+3).
   Dex:       It affects your dexterity (+8).
   rN:        It greatly protects you from negative energy.
Magical Staves
 n - a staff of cold
Scrolls
 d - 5 scrolls of identify {unknown}
 f - 2 scrolls of magic mapping {unknown}
 m - a scroll of fear {unknown}
 o - a scroll of amnesia {unknown}
 s - a scroll of enchant weapon {unknown}
 t - a scroll of vulnerability {unknown}
Potions
 b - 2 potions of magic
 g - a potion of might {unknown}
 h - a potion of curing {unknown}
 p - a potion of resistance {unknown}
 r - a potion of ambrosia {unknown}
 u - 2 potions of flight {unknown}


   Skills:
 - Level 5.0 Fighting
 - Level 1.0 Armour
 - Level 2.0 Dodging
 - Level 2.1 Stealth
 - Level 2.0 Spellcasting
 - Level 2.0 Conjurations
 - Level 1.0 Transmutations
 * Level 5.0 Earth Magic


You had 3 spell levels left.
You knew the following spells:

 Your Spells              Type           Power      Damage    Failure   Level
a - Sandblast             Erth           22%        2d7       4%          1
b - Passwall              Tmut/Erth      5%         N/A       14%         2
c - Stone Arrow           Conj/Erth      16%        3d8       22%         3

Your spell library contained the following spells:

 Spells                   Type           Power      Damage    Failure   Level
 Magic Dart               Conj           20%        1d4       14%         1
 Searing Ray              Conj           10%        2d4       21%         2
 Petrify                  Tmut/Erth      7%         N/A       65%         4
 Fulminant Prism          Conj/Hex       1%         3d6       90%         4
 Hailstorm                Conj/Ice       3%         3d3       90%         4
 Simulacrum               Ice/Necr       0%         N/A       100%        6
 Summon Hydra             Summ           0%         N/A       100%        7
 Wereblood                Tmut           Unusable   N/A       N/A         2
 Sublimation of Blood     Necr           Unusable   N/A       N/A         2
 Ice Form                 Ice/Tmut       Unusable   N/A       N/A         4

Dungeon Overview and Level Annotations

Branches:
Dungeon (5/15)
 Temple: D:4-7

Altars:
Sif Muna
Trog
Wu Jian

Annotations:
D:4 Dowan


Innate Abilities, Weirdness & Mutations

You are immune to poison.
You have sharp fingernails.
Your flesh is cold resistant. (rC+)
You are immune to negative energy. (rN+++)
You do not regenerate when monsters are visible.
You are immune to unholy pain and torment.
You thrive by killing the living.


Message History

Duvessa is almost dead.
You kill Duvessa!
You feel better.
You hear a distant wail of despair.
Training target 5.0 for Fighting reached!
Training target 2.0 for Conjurations reached!
Your Fighting skill increases to level 5!
Your Conjurations skill increases to level 2!
You need to enable at least one skill for training.
Training target 2.0 for Dodging reached!
Your Dodging skill increases to level 2!
You need to enable at least one skill for training.
Press: ? - help, v - describe, . - travel
Here: Dowan, wielding a +0 dagger and wearing a +0 robe The floor.
Okay, then.
Press: ? - help, v - describe, . - travel
Here: Dowan, wielding a +0 dagger and wearing a +0 robe The floor.
Dowan seems to find hidden reserves of power!
You barely miss Dowan.
Dowan gestures wildly while chanting.
Dowan blinks!
Casting: Sandblast (safe; 4% risk of failure)
Confirm with . or Enter, or press ? or * to list all spells.
Aiming: Sandblast (safe; 4% risk of failure)
Press: ? - help, Shift-Dir - straight line, f - Dowan
Aim: Dowan, wielding a +0 dagger and wearing a +0 robe (fast, 75% to hit)
The blast of sand hits Dowan!
Dowan is moderately wounded.
Dowan mumbles some strange words.
Dowan blinks!
Casting: Sandblast (safe; 4% risk of failure)
Confirm with . or Enter, or press ? or * to list all spells.
Aiming: Sandblast (safe; 4% risk of failure)
Press: ? - help, Shift-Dir - straight line, f/p - Dowan
Aim: Dowan, wielding a +0 dagger and wearing a +0 robe (moderately wounded, fast, 75% to hit)
The blast of sand misses Dowan.
Dowan gestures at you while chanting. The shard of ice hits you!
You partially resist.
You die...

!.... .....................
#.... ####.#.........######
#..... ####.#.#########
#.....##..............
#.....#..............
#........##§#.#..#..#
#......e###e#....#..#### #
#.....#.# #.#.#..#..##.. .
..###.#.# #@###.##..##.# #
##### ##.#.# #.#.......##.#
....# #..#.#
#.#.##.##.##.#####
....#####.##.#
#.#.#...#.#.).....
...........#.#
#.#.#...._...#####
....#####..#.###.#.....#[##)#
##.##
#..#.#.....#......).#####
##.#
#..#.#.#.#...............
...#
##.....<.......##########.


You could see Dowan (fast).

Vanquished Creatures
  Duvessa (D:4)
  A scorpion (D:2)
  A hound (D:4)
  2 orc wizards
  9 adders
  A worm (D:2)
  3 dart slugs
  6 orcs
  2 endoplasms (D:1)
  A giant cockroach (D:2)
  4 hobgoblins
  A jackal (D:4)
  10 kobolds
  3 quokkas
  7 ball pythons
  A bat (D:2)
  2 frilled lizards
  10 goblins
  3 rats
68 creatures vanquished.

Vanquished Creatures (others)
  A goblin (D:3)
1 creature vanquished.

Grand Total: 69 creatures vanquished

Notes
Turn   | Place    | Note
-------+----------+-------------------------------------------
     0 | D:1      | Lutefisk the Ghoul Earth Elementalist began the quest for
                  | the Orb.
     0 | D:1      | Reached XP level 1. HP: 14/14 MP: 2/2
    63 | D:1      | Reached skill level 1 in Fighting
   180 | D:1      | Reached XP level 2. HP: 24/24 MP: 1/3
   450 | D:2      | Reached XP level 3. HP: 31/31 MP: 1/4
   560 | D:2      | Learned a level 2 spell: Passwall
   656 | D:2      | Noticed a scorpion
   663 | D:2      | Killed a scorpion
   664 | D:2      | Reached XP level 4. HP: 26/40 MP: 0/5
   674 | D:2      | Reached skill level 1 in Transmutations
   798 | D:2      | Reached skill level 1 in Armour
   798 | D:2      | Reached XP level 5. HP: 46/46 MP: 0/6
  1080 | D:3      | Found a faded altar of an unknown god.
  1274 | D:3      | Found an ornate altar of the Wu Jian Council.
  1616 | D:3      | Reached skill level 5 in Earth Magic
  1628 | D:3      | Found a shimmering blue altar of Sif Muna.
  1707 | D:4      | Noticed Dowan
  1716 | D:4      | Noticed an ogre
  2009 | D:4      | Identified the +5 scale mail "Ezi Zav" {rN++ Str-5 Int+3
                  | Dex+8}
  2072 | D:4      | Learned a level 3 spell: Stone Arrow
  2125 | D:4      | You fall into a shaft and drop 1 floor!
  2125 | D:5      | Entered Level 5 of the Dungeon
  2175 | D:4      | Reached XP level 6. HP: 45/52 MP: 5/8
  2211 | D:4      | Found a bloodstained altar of Trog.
  2237 | D:4      | Reached skill level 1 in Conjurations
  2289 | D:4      | Noticed Duvessa
  2385 | D:4      | HP: 1/53 [Duvessa/+0 short sword (10)]
  2386 | D:4      | Killed Duvessa
  2387 | D:4      | Reached skill level 5 in Fighting
  2391 | D:4      | Killed from afar by Dowan

Illustrated notes

Levels and vault maps discovered:
D:1:      dpeg_arrival_refuge, layout_loops_ring
D:2:      layout_loops_corners, basic_altar, serial_shops, shop, kennysheep_nub
D:3:      layout_basic, mainiacjoe_overflow_cross_hatched,
          mainiacjoe_overflow_six_doors_small,
          shapermc_ecumenical_altar_mp_vishouse
D:4:      minmay_goblin_kobold_castle, layout_basic, lemuel_crystal_altar,
          uniq_grinder, uniq_robin, uniq_blork_the_orc, uniq_duvessa
D:5:      layout_basic, minmay_temple_entry_waves

Skill      XL: |  1  2  3  4  5  6 |
---------------+-------------------+-----
Fighting       | 1 3 4 5 |  5.0
Earth Magic    | 4 5 |  5.0
Transmutations | 1 |  1.0
Armour         | 1 |  1.0
Spellcasting   | 2 |  2.0
Conjurations   | 2 |  2.0
Dodging        | 2 |  2.0
Stealth        | |  2.1

Action                   |  1- 3 |  4- 6 || total
-------------------------+-------+-------++-------
Melee: Dagger            |    31 |       ||    31
       Punch             |     1 |       ||     1
       Whip              |     2 |    69 ||    71
Throw: Dart              |       |    15 ||    15
 Cast: Sandblast         |    31 |    58 ||    89
 Stab: Sleeping          |       |     1 ||     1
Armor: Robe              |     5 |    27 ||    32
Dodge: Dodged            |    20 |    55 ||    75
